 Dungeon Crawl Stone Soup version 0.29.0-15-g675c0067aa (webtiles) character file.

Game seed: 13360018691054760369

16 qw the Sneak (level 2, -2/19 HPs)
             Began as a Gargoyle Delver on Sept 10, 2022.
             Slain by Terence
             ... wielding a +0 mace
              (5 damage)
             ... on level 2 of the Dungeon on Sept 11, 2022.
             The game lasted 00:00:21 (1014 turns).

qw the Sneak (Gargoyle Delver)                      Turns: 1014, Time: 00:00:21

Health: -2/19      AC:  7    Str: 15    XL:     2   Next: 54%
Magic:  2/2        EV: 10    Int: 10    God:
Gold:   0          SH:  0    Dex: 11    Spells: 1/1 levels left

rFire   . . .      SeeInvis .   a - +0 hand axe
rCold   . . .      Faith    .   (no shield)
rNeg    + . .      Spirit   .   d - +0 ring mail
rPois   inf        Reflect  .   (no helmet)
rElec   +          Harm     .   (no cloak)
rCorr   .          Rampage  .   (no gloves)
Will    .....                   (no boots)
Stlth   ++........              (no amulet)
HPRegen 0.06/turn               (no ring)
MPRegen 0.08/turn               (no ring)

@: no status effects
A: sickness immunity, AC +2, negative energy resistance 1, electricity
resistance, torment resistance 1, petrification resistance
a: no special abilities


You were on level 2 of the Dungeon.
You visited 1 branch of the dungeon, and saw 4 of its levels.


Innate Abilities, Weirdness & Mutations

You are immune to sickness and miasma.
Your stone body is resilient. (AC +2)
You are immune to poison.
You resist negative energy. (rN+)
You are resistant to electric shocks. (rElec)
You are resistant to unholy torment.
You are immune to petrification.


   Skills:
 - Level 3.2 Fighting
 + Level 2.8 Axes
 - Level 1.5 Dodging
 - Level 5.4 Stealth


You had one spell level left.
You didn't know any spells.
Your spell library was empty.

Inventory:

Hand Weapons
 a - a +0 hand axe (weapon)
 e - a +0 club
Armour
 d - a +0 ring mail (worn)
Wands
 g - a wand of digging (5)
Potions
 c - 2 potions of cancellation
 f - a potion of haste

Dungeon Overview and Level Annotations

Branches:
Dungeon (5/15)
 Temple: D:4-7

Altars:

Annotations:
D:2 Terence


Message History

The adder hisses angrily.
You hit Terence.
Terence is moderately wounded.
A ball python comes into view.
Terence barely misses you.
The ball python moves out of view.
You barely miss Terence.
Terence is moderately wounded.
Terence barely misses you.
You hit Terence but do no damage.
Terence is moderately wounded.
Level annotation: Terence Welcome back, qw the Gargoyle Delver.
Press ? for a list of commands and other information.
Existing waypoints: (1) D:2 (2) D:3 Assign waypoint to what number? (0-9, D - delete waypoint) Waypoint 2 re-assigned from D:3 to D:2.
Enter note:
1009 ||| PLANNING D:1-11 You hit Terence but do no damage.
Terence is moderately wounded.
Terence says, "Did you write a will?
You should..."
Terence hits you but does no damage.
You hit Terence.
Terence is moderately wounded.
The adder falls through a shaft!
The shaft crumbles and collapses.
Terence hits you but does no damage.
You hit Terence.
Terence is heavily wounded.
Terence hits you with a +0 mace. x2
You hit Terence but do no damage.
Terence is heavily wounded.
Terence hits you with a +0 mace.
You hit Terence.
Terence is heavily wounded.
Terence barely misses you.
You hit Terence but do no damage.
Terence is heavily wounded.
Terence hits you with a +0 mace.
You die...

..#.#....
...........
..#.#...#.#
.......#.#
#.....#.#
#.?...#.#
.##...@S#.#
.......@..# #
..........# .#
..........#
..#
..........#..#
.........>..#
..........###
..........#
..........#
.........#


You could see Terence and a ball python.

Vanquished Creatures
  A dart slug (D:3)
  An orc (D:3)
  A ball python (D:3)
  3 goblins
  2 jackals (D:3)
  A frilled lizard (D:3)
  A kobold (D:3)
  2 rats
12 creatures vanquished.

Notes
Turn   | Place    | Note
-------+----------+-------------------------------------------
     0 | D:5      | qw the Gargoyle Delver began the quest for the Orb.
     0 | D:5      | Reached XP level 1. HP: 14/14 MP: 1/1
     0 | D:5      | 0 ||| qw: Version: 0.1-a-117-gfe26ee0
     0 | D:5      | 0 ||| qw: Game counter: 9852
     0 | D:5      | 0 ||| qw: Always use a shield: true
     0 | D:5      | 0 ||| qw: God list: Okawaru
     0 | D:5      | 0 ||| qw: Allow faded altars: false
     0 | D:5      | 0 ||| qw: Do Orc after D:15 true
     0 | D:5      | 0 ||| qw: Do second Lair branch before Depths: true
     0 | D:5      | 0 ||| qw: Lair rune preference: random
     0 | D:5      | 0 ||| qw: Plans: Normal
     0 | D:5      | 0 ||| PLANNING D:1-11
     1 | D:5      | 1 ||| DROPPING scroll of fog.
     2 | D:5      | 2 ||| DROPPING scroll of magic mapping.
     3 | D:5      | 3 ||| DROPPING scroll of fear.
   290 | D:3      | Reached XP level 2. HP: 15/19 MP: 2/2
   437 | D:3      | 437 ||| Stepping ~*~*~tactically~*~*~ (stealth).
   443 | D:3      | 443 ||| Stepping ~*~*~tactically~*~*~ (stealth).
   445 | D:3      | 445 ||| Stepping ~*~*~tactically~*~*~ (stealth).
   551 | D:3      | 551 ||| Stepping ~*~*~tactically~*~*~ (hiding).
   652 | D:3      | 652 ||| UPGRADING to +0 ring mail.
   662 | D:3      | 662 ||| DROPPING +0 leather armour.
   663 | D:3      | 663 ||| DRINKING 3 red potions.
   665 | D:3      | 665 ||| Stepping ~*~*~tactically~*~*~ (hiding).
   767 | D:3      | 767 ||| Stepping ~*~*~tactically~*~*~ (hiding).
   869 | D:3      | 869 ||| Stepping ~*~*~tactically~*~*~ (hiding).
   980 | D:3      | 980 ||| FLEEEEING.
   982 | D:3      | 982 ||| STAIRDANCE
   998 | D:2      | Noticed Terence
  1009 | D:2      | Upgraded the game from 0.29.0-4-gdea44cf6ec to
                  | 0.29.0-15-g675c0067aa
  1009 | D:2      | 1009 ||| PLANNING D:1-11
  1012 | D:2      | HP: 3/19 [Terence/+0 mace (4)]
  1014 | D:2      | Slain by Terence

Levels and vault maps discovered:
D:2:      layout_basic, serial_glass, glass_columns_b, glass_columns_a,
          kennysheep_generic_room_3, uniq_jessica, uniq_terence
D:3:      layout_loops_corners, lightli_temple_of_fire,
          dilly_ecumenical_altar_fadedgnrine, grunt_ministairs_15,
          chequers_serial_rivers_micro_b, kennysheep_generic_room_14
D:4:      layout_gridville, minmay_temple_entry_drinking_statues
D:5:      layout_basic, general_overflow_altar,
          mainiacjoe_overflow_small_starburst, gup_ossuary_entry_pyramid,
          uniq_prince_ribbit1

Skill      XL: |  1 |
---------------+----+-----
Axes           | 2 |  2.8
Fighting       | |  3.2
Dodging        | |  1.5
Stealth        | |  5.4

Action                   || total
-------------------------++-------
Melee: Hand axe          ||    49
  Use: Potion            ||     1
 Stab: Sleeping          ||     1
Armor: Leather armour    ||     9
       Ring mail         ||     4
Dodge: Dodged            ||    26

Table legend:
 A = Non-vault XP
 B = Vault XP
 C = Vault XP percentage of total XP
 D = Non-vault monster count
 E = Vault monster count
 F = Vault count percentage of total count
                 A         B        C        D         E       F
            +---------+---------+-------+---------+---------+-------
      Total |      19 |       4 |  17.4 |      11 |       1 |   8.3
            +---------+---------+-------+---------+---------+-------
        D:2 |       1 |       0 |   0.0 |       1 |       0 |   0.0
        D:3 |      16 |       4 |  20.0 |       9 |       1 |  10.0
        D:4 |       2 |       0 |   0.0 |       1 |       0 |   0.0
            +---------+---------+-------+---------+---------+-------
